 Dungeon Crawl Stone Soup version 0.20-a0-548-g4f8a798 (webtiles) character file.

142 Lahna the Cudgeler (level 5, 0/32 HPs)
             Began as a Gargoyle Fighter on Feb 1, 2017.
             Slain by Lahna's ghost (8 damage)
             ... on level 3 of the Dungeon.
             The game lasted 00:03:25 (1836 turns).

Lahna the Cudgeler (Gargoyle Fighter)               Turns: 1836, Time: 00:03:26

Health: 0/32       AC: 12    Str: 26    XL:     5   Next: 25%
Magic:  5/5        EV:  7    Int:  8    God:
Gold:   126        SH:  9    Dex:  9    Spells: 4/4 levels left

rFire    . . .     SeeInvis .   a - +0 flail
rCold    . . .     Gourm    .   b - +0 scale mail
rNeg     + . .     Faith    .   c - +0 shield
rPois    ∞         Spirit   .   (no helmet)
rElec    +         Reflect  .   (no cloak)
rCorr    .         Harm     .   (no gloves)
MR       .....                  e - +0 pair of boots
Stlth    ..........             (no amulet)
Regen    0.1/turn               (no ring)
                                (no ring)

@: mighty
A: negative energy resistance 1, electricity resistance, unbreathing,
petrification resistance, rot immunity, AC +4
a: no special abilities


You were on level 3 of the Dungeon.
You were hungry.

You visited 1 branch of the dungeon, and saw 3 of its levels.

You collected 126 gold pieces.

Inventory:

Hand Weapons
 a - a +0 flail (weapon)
Armour
 b - a +0 scale mail (worn)
 c - a +0 shield (worn)
 e - a +0 pair of boots (worn)
Jewellery
 i - a +3 ring of evasion {unknown}
 q - a +3 ring of dexterity {unknown}
Scrolls
 j - 2 scrolls of remove curse {unknown}
 l - a scroll of identify {unknown}
 m - 4 scrolls of teleportation {unknown}
 n - a scroll of random uselessness {unknown}
 p - a scroll of fog {unknown}
 r - 2 scrolls of fear {unknown}
Potions
 k - 2 potions of flight {unknown}
 o - a potion of lignification {unknown}
 s - a potion of heal wounds {unknown}
Comestibles
 f - a bread ration
 g - 3 fruits
 h - 2 chunks of flesh


   Skills:
 - Level 3.2 Fighting
 + Level 5.2 Maces & Flails
 - Level 3.2 Armour
 - Level 3.3 Shields


You had 4 spell levels left.
You didn't know any spells.

Dungeon Overview and Level Annotations

Branches:
Dungeon (3/15)

Altars:

Annotations:
D:3 Lahna's ghost, amateur MiGl


Innate Abilities, Weirdness & Mutations

You are resistant to torment.
Your stone body is resilient. (AC +4)
You are immune to poison.
You resist negative energy. (rN+)
You are resistant to electric shocks. (rElec)
You can survive without breathing.
You are immune to petrification.
You are immune to rotting.


Message History

Lahna's ghost hits you but does no damage.
Some of the chunks of flesh in your inventory have rotted away.
You closely miss Lahna's ghost.
Lahna's ghost is severely damaged.
Lahna's ghost hits you.
* * * LOW HITPOINT WARNING * * *
You closely miss Lahna's ghost.
Lahna's ghost is severely damaged.
Lahna's ghost hits you.
* * * LOW HITPOINT WARNING * * *
You closely miss Lahna's ghost.
Lahna's ghost is severely damaged.
You block Lahna's ghost's attack. Lahna's ghost barely misses you.
You closely miss Lahna's ghost.
Lahna's ghost is severely damaged.
Lahna's ghost hits you but does no damage.
You barely miss Lahna's ghost.
Lahna's ghost is severely damaged.
Lahna's ghost hits you!
You die...

▒..▒ ▒..▒▒ ▒..▒ ▒...▒
▒..▒ ▒.▒.▒ ..▒ ▒.▒.▒▒
▒.▒ ▒.▒..▒
▒.▒▒▒▒▒▒▒..▒.▒
▒▒........>.▒.▒▒▒▒▒
▒▒.▒▒▒...▒▒▒▒▒▒▒▒.......
▒....W@.▒▒ ▒.......
.....▒▒▒.▒ ▒....... ..▒▒
▒.▒ ▒▒▒▒▒.▒. ▒.▒▒ ▒...
▒..▒ ▒▒▒... ▒▒.▒
▒▒▒...▒. ▒.▒ ▒▒▒...▒▒▒▒
▒▒▒▒▒▒▒.▒▒▒▒▒▒...▒▒▒...
...............▒▒▒ ▒...


You could see Lahna's ghost.

Vanquished Creatures
  An iguana (D:3)
  Natasha (D:2)
  4 adders (D:2)
  An ooze (D:3)
  2 dart slugs
  An orc (D:3)
  A giant cockroach (D:3)
  7 goblins
  5 hobgoblins
  3 quokkas (D:2)
  A ball python (D:1)
  11 bats
  10 frilled lizards
  4 kobolds
  2 rats
54 creatures vanquished.

Notes
Turn   | Place    | Note
-------+----------+-------------------------------------------
     0 | D:1      | Lahna the Gargoyle Fighter began the quest for the Orb.
     0 | D:1      | Reached XP level 1. HP: 14/14 MP: 1/1
     3 | D:1      | Noticed a death yak
     6 | D:1      | Noticed an anaconda
    37 | D:1      | You fall through a shaft!
   354 | D:1      | Reached XP level 2. HP: 17/19 MP: 2/2
   625 | D:1      | Reached skill level 3 in Maces & Flails
   759 | D:2      | Reached XP level 3. HP: 17/23 MP: 3/3
  1239 | D:2      | Reached skill level 4 in Maces & Flails
  1273 | D:2      | Reached XP level 4. HP: 18/28 MP: 4/4
  1533 | D:3      | Noticed Natasha
  1548 | D:2      | Killed Natasha
  1608 | D:3      | Reached skill level 5 in Maces & Flails
  1608 | D:3      | Reached XP level 5. HP: 22/32 MP: 5/5
  1812 | D:3      | Noticed Lahna's ghost (amateur MiGl)
  1836 | D:3      | Slain by Lahna's ghost

Vault maps used:
D:1:      sevenhm_arrival_forest_fort_small_2, st_stairs_1,
          minmay_misc_feat_four_crosses, minmay_misc_feat_more_columns,
          minmay_lizard_pond
D:3:      moated_statue, minmay_curled_crystal, uniq_natasha

Skill      XL: |  1  2  3  4 |
---------------+-------------+-----
Maces & Flails | 3 4 5 |  5.2
Fighting       | |  3.2
Armour         | |  3.2
Shields        | |  3.3

Action                   |  1- 3 |  4- 6 || total
-------------------------+-------+-------++-------
Melee: Flail             |   174 |    79 ||   253
  Use: Potion            |       |     1 ||     1
  Eat: Chunk             |     1 |     2 ||     3
Armor: Scale mail        |   150 |    55 ||   205
Dodge: Dodged            |    90 |    19 ||   109
Block: Shield            |   131 |    49 ||   180
